 Dungeon Crawl Stone Soup version 0.28-a0-664-gc179e30c89 (webtiles) character file.

Game seed: 14927607207055713074

7 horus123 the Vexing (level 1, 0/10 HPs)
             Began as a Deep Elf Enchanter on Oct 17, 2021.
             Slain by a frilled lizard (1 damage)
             ... on level 1 of the Dungeon.
             The game lasted 00:00:33 (89 turns).

horus123 the Vexing (Deep Elf Enchanter)              Turns: 89, Time: 00:00:34

Health: 0/10       AC:  2    Str:  5    XL:     1   Next: 91%
Magic:  6/6        EV: 12    Int: 19    God:
Gold:   9          SH:  0    Dex: 15    Spells: 6/6 levels left

rFire   . . .      SeeInvis .   a - +1 dagger
rCold   . . .      Faith    .   (no shield)
rNeg    . . .      Spirit   .   b - +0 robe
rPois   .          Reflect  .   (no helmet)
rElec   .          Harm     .   (no cloak)
rCorr   .          Rampage  .   (no gloves)
Will    .....                   (no boots)
Stlth   +++.......              (no amulet)
HPRegen 0.03/turn               (no ring)
MPRegen 0.10/turn               (no ring)

@: no status effects
A: no striking features
a: no special abilities


You were on level 1 of the Dungeon.
You visited 1 branch of the dungeon, and saw 1 of its levels.

You collected 9 gold pieces.

Inventory:

Hand Weapons
 a - a +1 dagger (weapon)
Armour
 b - a +0 robe (worn)
Potions
 c - a potion of invisibility
 d - a potion of haste {unknown}


   Skills:
 + Level 1.0 Short Blades
 + Level 2.4 Dodging
 + Level 4.0 Stealth
 + Level 3.0 Spellcasting
 + Level 4.4 Hexes


You had 6 spell levels left.
You didn't know any spells.
Your spell library contained the following spells:

 Spells                   Type           Power      Damage    Failure   Level
 Confusing Touch          Hex            19%        N/A       8%          3
 Tukima's Dance           Hex            19%        N/A       8%          3
 Ensorcelled Hibernation  Hex/Ice        22%        N/A       10%         2
 Dazzling Flash           Conj/Hex       22%        N/A       19%         3


Dungeon Overview and Level Annotations

Branches:
Dungeon (1/15)

Altars:


Message History

A frilled lizard comes into view.
The ball python hisses angrily.
A rat comes into view.
You see here 9 gold pieces.
You now have 9 gold pieces.
The frilled lizard hisses angrily.
You hit the ball python.
You kill the ball python!
The frilled lizard closely misses you.
You miss the frilled lizard. The frilled lizard closely misses you.
You closely miss the frilled lizard. The frilled lizard barely misses you.
You closely miss the rat. The rat closely misses you.
The frilled lizard bites you.
You hit the rat.
The rat is moderately wounded.
The rat bites you. The frilled lizard closely misses you.
You closely miss the rat.
The rat is moderately wounded.
The rat bites you. The frilled lizard barely misses you.
You closely miss the rat.
The rat is moderately wounded.
The rat bites you. The frilled lizard closely misses you.
You are too injured to fight recklessly!
You are too injured to fight recklessly!
You are too injured to fight recklessly!
You are too injured to fight recklessly!
You are too injured to fight recklessly!
You closely miss the rat.
The rat is moderately wounded.
The rat bites you but does no damage.
The frilled lizard bites you but does no damage.
You hit the rat.
You kill the rat!
The frilled lizard bites you.
* * * LOW HITPOINT WARNING * * *
You closely miss the frilled lizard. The frilled lizard closely misses you.
You closely miss the frilled lizard. The frilled lizard bites you.
* * * LOW HITPOINT WARNING * * *
You barely miss the frilled lizard. The frilled lizard bites you.
You die...

#..†.####...#
#..#..##..#.#
#...#.##.##.#
###....#.##.#
#.#....##.#
#.#....##.#
#.##......#
#.#..†..###
#...#.@l#
....#.##......#
#####.
#...#.... ..
......... #
##.......
.#..... .......
.#.....


You could see a frilled lizard.

Vanquished Creatures
  A dart slug (D:1)
  An endoplasm (D:1)
  A quokka (D:1)
  A ball python (D:1)
  2 rats (D:1)
6 creatures vanquished.

Notes
Turn   | Place    | Note
-------+----------+-------------------------------------------
     0 | D:1      | horus123 the Deep Elf Enchanter began the quest for the
                  | Orb.
     0 | D:1      | Reached XP level 1. HP: 10/10 MP: 6/6
    89 | D:1      | Slain by a frilled lizard

Illustrated notes

Levels and vault maps discovered:
D:1:      lightli_arrival_maybe_door_vault, layout_rooms,
          chequers_serial_rivers_room_b, amcnicky_mini_corridor_feature

Skill      XL: |  1 |
---------------+----+-----
Stealth        | 4 |  4.0
Short Blades   | |  1.0
Dodging        | |  2.4
Spellcasting   | |  3.0
Hexes          | |  4.4

Action                   || total
-------------------------++-------
Melee: Dagger            ||    18
 Stab: Sleeping          ||     3
Armor: Robe              ||     2
Dodge: Dodged            ||    10

Table legend: (Time is in decaauts)
 A = Elapsed time spent in this place.
 B = Non-inter-level travel time spent in this place.
 C = Inter-level travel time spent in this place.
 D = Time resting spent in this place.
 E = Time spent auto-exploring this place.
 F = Levels seen in this place.
 G = Mean time per level.
                   A        B        C        D        E       F      G
               +--------+--------+--------+--------+--------+-----+--------+
         Total |     88 |     88 |      0 |      0 |     50 |   1 |   88.0 |
       Dungeon |     88 |     88 |      0 |      0 |     50 |   1 |   88.0 |
               +--------+--------+--------+--------+--------+-----+--------+

Top non-repeatable levels by time:
     D:1: 88 daAuts
